 Dungeon Crawl Stone Soup version 0.22-a0-159-g7ce444f (webtiles) character file.

51 mhoghedin the Gusty (level 3, -2/26 HPs)
             Began as a Draconian Air Elementalist on Feb 9, 2018.
             Slain by a gnoll
             ... wielding a +0 whip
              (7 damage)
             ... on level 2 of the Dungeon.
             The game lasted 00:05:23 (1648 turns).

mhoghedin the Gusty (Draconian Air Elementalist)    Turns: 1648, Time: 00:05:24

Health: -2/26      AC:  5    Str: 10    XL:     3   Next: 57%
Magic:  0/6        EV: 12    Int: 16    God:
Gold:   15         SH:  0    Dex: 11    Spells: 4/7 levels left

rFire    + . .     SeeInvis .   c - +0 club
rCold    . . .     Gourm    .   (no shield)
rNeg     . . .     Faith    .   (armour unavailable)
rPois    .         Spirit   +   (helmet restricted)
rElec    .         Reflect  .   (no cloak)
rCorr    .         Harm     .   (no gloves)
MR       .....                  (no boots)
Stlth    ++........             j - amulet of guardian spirit {Spirit}
HPRegen  0.08/turn              h - ring of protection from fire {rF+, !d}
MPRegen  0.10/turn              (no ring)

@: flying
A: unfitting armour, cold-blooded, AC +5
a: no special abilities


You were on level 2 of the Dungeon.
You were hungry.

You visited 1 branch of the dungeon, and saw 2 of its levels.

You collected 15 gold pieces.

Inventory:

Hand Weapons
 c - a +0 club (weapon)
   (You took it off a hobgoblin on level 1 of the Dungeon)
Jewellery
 h - a ring of protection from fire (left hand) {rF+, !d}
   (You found it on level 1 of the Dungeon)
 j - an amulet of guardian spirit (around neck) {Spirit}
   (You found it on level 1 of the Dungeon)
Scrolls
 g - a scroll of enchant armour {unknown}
 i - a scroll of random uselessness {unknown}
 l - a scroll of remove curse
 m - 2 scrolls of identify {unknown}
 n - a scroll of amnesia {unknown}
 o - a scroll of teleportation {unknown}
Potions
 e - a potion of curing
 f - a potion of mutation {unknown}
 k - a potion of brilliance {unknown}
Books
 a - a book of Air
Comestibles
 b - 3 rations


   Skills:
 - Level 2.0 Dodging
 - Level 1.8 Stealth
 + Level 2.6 Spellcasting
 + Level 2.0 Conjurations
 + Level 3.5 Air Magic


You had 4 spell levels left.
You knew the following spells:

 Your Spells              Type           Power        Failure   Level  Hunger
a - Shock                 Conj/Air       ##..         6%          1    #......
s - Swiftness             Chrm/Air       #.......     14%         2    ##.....


Dungeon Overview and Level Annotations

Branches:
Dungeon (1/15)

Altars:


Innate Abilities, Weirdness & Mutations

Your plain brown scales are hard. (AC +5)
You cannot fit into any form of body armour.
You are cold-blooded and may be slowed by cold attacks.


Message History

Orders for allies: a - Attack new target. r - Retreat! s - Stop attacking. g - Guard the area. f - Follow me.
Anything else - Cancel.
You shout for attention!
Aim: a frilled lizard You miscast Shock.
You are very lightly contaminated with residual magic.
Sparks fly from your hands!
You now have 5/6 mp.
Aim: a frilled lizard You miscast Shock.
Nothing appears to happen.
The frilled lizard barely misses you.
You now have 4/6 mp.
Aim: a frilled lizard The zap hits the frilled lizard.
You kill the frilled lizard!
You now have 3/6 mp.
You start resting.
MP restored: 6 You are feeling hungry.
You start waiting.
Your magical contamination has completely faded away.
You see here an uncursed ring of teleportation {+/*tele, !d}.
i - a scroll labeled JEJOAR YSUEM
m - 2 scrolls labeled WAD FYCIXI (gained 1) 4 gnolls come into view.
A gnoll is wielding a spear of piercing.
What are your orders? t - Shout!
Orders for allies: a - Attack new target. r - Retreat! s - Stop attacking. g - Guard the area. f - Follow me.
Anything else - Cancel.
You shout for attention!
The gnoll shouts! x3
The gnoll moves out of view.
Okay, then.
Unknown command.
The gnoll hits you with a whip.
You take 2 damage, and have 24/26 hp.
You now have 5/6 mp.
The zap hits the gnoll. x3; The gnoll appears unharmed.
The gnoll closely misses you. The gnoll hits you with a whip.
You take 2 damage, and have 22/26 hp.
You now have 4/6 mp.
Okay, then.
The zap hits the gnoll.
The gnoll appears unharmed.
The zap hits the gnoll.
The gnoll hits you but does no damage.
You now have 3/6 mp.
The zap hits the gnoll. x2
The gnoll hits you from afar with a spear of piercing.
You take 3 damage, and have 19/26 hp.
You now have 2/6 mp.
The zap hits the gnoll.
You kill the gnoll!
The zap hits the gnoll.
The zap misses the gnoll.
You now have 1/6 mp.
You don't know that spell.
The zap hits the gnoll. x2
You hit the gnoll but do no damage. The gnoll closely misses you.
The zap hits the gnoll.
You kill the gnoll!
Your Conjurations skill increases to level 2!
The zap hits the gnoll. x2
You now have 0/6 mp.
You closely miss the gnoll. The gnoll hits you with a whip.
The gnoll closely misses you.
You take 6 damage, and have 14/26 hp.
MASSIVE DAMAGE!!
Unknown command.
Unknown command.
You barely miss the gnoll. The gnoll hits you with a whip.
You take 3 damage, and have 11/26 hp.
You hit the gnoll. The gnoll closely misses you.
You hit the gnoll but do no damage. You tail-slap the gnoll.
The gnoll hits you with a whip!
* * * LOW HITPOINT WARNING * * *
The gnoll hits you with a whip.
* * * LOW HITPOINT WARNING * * *
You take 10 damage, and have 1/26 hp.
MASSIVE DAMAGE!!
Unknown command.
It was a potion of flight.
You feel very buoyant.
You fly up into the air.
The gnoll hits you but does no damage.
Aim: a gnoll, wielding a whip (severely wounded)
The zap hits the gnoll.
The gnoll appears unharmed.
The gnoll barely misses you.
You now have 0/6 mp.
Okay, then.
Unknown command.
It was a potion of curing.
You feel better. The gnoll barely misses you.
You regained 7 hp, and now have 8/26 hp.
You closely miss the gnoll. The gnoll hits you with a whip.
* * * LOW HITPOINT WARNING * * *
You take 1 damage, and have 7/26 hp.
You hit the gnoll. The gnoll hits you but does no damage.
You hit the gnoll. The gnoll closely misses you.
The gnoll hits you with a whip.
* * * LOW HITPOINT WARNING * * *
You take 3 damage, and have 5/26 hp.
You barely miss the gnoll. The gnoll hits you with a whip!
You die...

#g####.# #g#
#. #g#### #.#
#....# #.#
####)# #.#
#)# #.# #.#
#.# #g# #
#####.## #@#
...###......#
#.#
#......##.##
#.# ##.......
#.# #.######
#.# #####.#
#.#####.....#
#.......#####
#########


You could see a gnoll.

Vanquished Creatures
  2 gnolls (D:2)
  2 goblins (D:1)
  5 hobgoblins (D:1)
  2 jackals (D:1)
  12 bats (D:1)
  2 frilled lizards
  4 kobolds (D:1)
  3 rats (D:1)
32 creatures vanquished.

Notes
Turn   | Place    | Note
-------+----------+-------------------------------------------
     0 | D:1      | mhoghedin the Draconian Air Elementalist began the quest for the Orb.
     0 | D:1      | Reached XP level 1. HP: 14/14 MP: 3/3
    26 | D:1      | HP: 3/14 [bat (1)]
   156 | D:1      | Reached skill level 2 in Dodging
   156 | D:1      | Reached XP level 2. HP: 8/20 MP: 3/5
   697 | D:1      | Learned a level 2 spell: Swiftness
  1209 | D:1      | Reached XP level 3. HP: 24/26 MP: 0/6
  1483 | D:1      | You fall through a shaft!
  1635 | D:2      | Reached skill level 2 in Conjurations
  1639 | D:2      | HP: 4/26 [gnoll/whip (7)]
  1639 | D:2      | HP: 1/26 [gnoll/whip (3)]
  1647 | D:2      | HP: 5/26 [gnoll/whip (3)]
  1648 | D:2      | Slain by a gnoll

Vault maps used:
D:1:      onia_arrival_pentagram
D:2:      first_ration, fountainhead

Skill      XL: |  1  2  3 |
---------------+----------+-----
Dodging        | 2 |  2.0
Conjurations   | 2 |  2.0
Stealth        | |  1.8
Spellcasting   | |  2.6
Air Magic      | |  3.5

Action                   || total
-------------------------++-------
Melee: Club              ||    22
       Tailslap          ||     5
 Cast: Shock             ||    41
  Use: Potion            ||     2
       Scroll            ||     1
  Eat: Chunk             ||     2
Armor: Skin              ||    63
Dodge: Dodged            ||   111

Table legend:
 A = Spawn XP
 B = Non-spawn XP
 C = Spawn XP percentage of total XP
 D = Spawn monster count
 E = Non-spawn monster count
 F = Spawn count percentage of total count
 G = Total turns spent on level
                    A         B        C        D         E        F      G
               +---------+---------+-------+---------+---------+-------+---------
         Total |       0 |      73 |   0.0 |       0 |      32 |   0.0 |  1648
               +---------+---------+-------+---------+---------+-------+---------
           D:1 |       0 |      43 |   0.0 |       0 |      29 |   0.0 |  1483
           D:2 |       0 |      30 |   0.0 |       0 |       3 |   0.0 |   165
               +---------+---------+-------+---------+---------+-------+---------

Vault maps used:
D:1:      onia_arrival_pentagram
D:2:      first_ration, fountainhead

Table legend:
 A = Turns spent in this place as a percentage of turns spent in the entire game.
 B = Non-inter-level travel turns spent in this place as a percentage of non-inter-level travel turns spent in the entire game.
 C = Inter-level travel turns spent in this place as a percentage of turns spent in this place.
 D = Turns resting spent in this place as a percentage of non-inter-level travel turns spent in this place.
 E = Turns spent auto-exploring this place as a percentage of non-inter-level travel turns spent in this place.
 F = Non-inter-level travel turns spent in this place divided by the number of levels of this place that you've seen.
                   A       B       C       D       E      F
               +-------+-------+-------+-------+-------+----------------------
         Total | 100.0 | 100.0 |   0.0 |  31.2 |  46.0 | 824.0
       Dungeon | 100.0 | 100.0 |   0.0 |  31.2 |  46.0 | 824.0
               +-------+-------+-------+-------+-------+----------------------

Table legend:
 A = Kills in this place as a percentage of kills in entire the game.
 B = Kills by you in this place as a percentage of kills by you in the entire game.
 C = Kills by friends in this place as a percentage of kills by friends in the entire game.
 D = Other kills in this place as a percentage of other kills in the entire game.
 E = Experience gained in this place as a percentage of experience gained in the entire game.
 F = Experience gained in this place divided by the number of levels of this place that you have seen.
                   A       B       C       D       E      F
               +-------+-------+-------+-------+-------+----------------------
         Total | 100.0 | 100.0 |   N/A |   N/A | 100.0 |  36.5
       Dungeon | 100.0 | 100.0 |   N/A |   N/A | 100.0 |  36.5
               +-------+-------+-------+-------+-------+----------------------
